[Event "ICC tourney 3197 (30 10)"]
[Site "Internet Chess Club"]
[Date "2023.05.20"]
[Round "3"]
[White "WU, DARREN:chessboy111"]
[Black "SANGAL LOPEZ, DEV:devsl"]
[Result "1-0"]
[ICCResult "Black checkmated"]
[WhiteElo "1380"]
[BlackElo "1146"]
[Opening "Ruy Lopez: classical defense, 4.c3"]
[ECO "C64"]
[NIC "RL.01"]
[Time "16:00:37"]
[PlyCount "177"]
[TimeControl "1800+10"]

1. e4 e5 2. Nf3 Nc6 3. Bb5 Bc5 4. c3 a6 5. Bxc6 dxc6 6. Nxe5 Nf6 7. Qf3 Qe7
8. d4 Bd6 9. Bf4 c5 10. O-O cxd4 11. cxd4 c5 12. Nc4 Bxf4 13. Qxf4 cxd4 14.
Nd6+ Kd7 15. Nf5 Qc5 16. e5 Nd5 17. Qxd4 Qxd4 18. Nxd4 Ke7 19. Nc3 Nxc3 20.
bxc3 Be6 21. Nxe6 Kxe6 22. f4 Rac8 23. Rf3 Rc4 24. Re1 g6 25. Rd1 Rc6 26.
Rfd3 Rhc8 27. Rd6+ Rxd6 28. Rxd6+ Ke7 29. Rd3 Rc4 30. g3 Ra4 31. Rd2 Rc4 32.
Rc2 b5 33. Kf2 b4 34. Ke3 bxc3 35. Kd3 Ra4 36. Kxc3 a5 37. Kb3 Rb4+ 38. Ka3
Re4 39. Rc7+ Ke6 40. Rc6+ Kd7 41. Ra6 Re2 42. Rxa5 Rxh2 43. Kb4 Rb2+ 44. Kc5
Rc2+ 45. Kb6 Rc6+ 46. Kb5 Rc3 47. Ra7+ Ke6 48. g4 Rf3 49. Ra6+ Kd5 50. Rf6
h5 51. gxh5 gxh5 52. Rxf7 h4 53. Rd7+ Ke6 54. Rd2 Rxf4 55. a4 Kxe5 56. a5 h3
57. a6 Rf7 58. Rh2 Rh7 59. Kb6 Rh6+ 60. Kb7 Rh7+ 61. Kb6 Rh6+ 62. Kb5 Rh7
63. Kb6 Rh6+ 64. Kb7 Rh7+ 65. Kc8 Kf4 66. a7 Rh8+ 67. Kb7 Rh7+ 68. Kb6 Rh6+
69. Kb5 Rh8 70. Rxh3 Rxh3 71. a8=Q Rh5+ 72. Kc4 Rh4 73. Qf8+ Kg3+ 74. Kd5
Rf4 75. Qg7+ Rg4 76. Qe5+ Kh4 77. Ke6 Kh3 78. Qh5+ Kg3 79. Kf5 Rh4 80. Qg5+
Kh3 81. Qe3+ Kg2 82. Kg5 Rh3 83. Qe2+ Kg3 84. Qe1+ Kf3 85. Qf1+ Kg3 86. Qf4+
Kg2 87. Kg4 Rh1 88. Qf3+ Kh2 89. Qg3# {Black checkmated} 1-0

[Event "ICC tourney 3197 (30 10)"]
[Site "Internet Chess Club"]
[Date "2023.05.20"]
[Round "3"]
[White "Hamlett, James Morrison:Hamlett144"]
[Black "Whiteside, Oren:NotOwen"]
[Result "1/2-1/2"]
[ICCResult "White stalemated"]
[WhiteElo "1414"]
[BlackElo "1313"]
[Opening "Scandinavian (center counter) defense"]
[ECO "B01"]
[NIC "SD.01"]
[Time "16:00:05"]
[PlyCount "158"]
[TimeControl "1800+10"]

1. e4 d5 2. exd5 Qxd5 3. Nc3 Qa5 4. Bc4 Nf6 5. Nge2 Bg4 6. O-O Nc6 7. f3
Bxf3 8. Bxf7+ Kxf7 9. Rxf3 e5 10. d3 Bc5+ 11. Kh1 Rhe8 12. Ne4 Be7 13. Bd2
Qd5 14. N2c3 Qd7 15. Nxf6 Bxf6 16. Ne4 Nd4 17. Rxf6+ gxf6 18. Qh5+ Ke7 19.
Qxh7+ Kd8 20. Qxd7+ Kxd7 21. Nxf6+ Ke6 22. Nxe8 Rxe8 23. c3 Nc6 24. Be3 Rd8
25. Rd1 a6 26. g4 Rf8 27. Kg2 Ne7 28. Rf1 Rd8 29. d4 Nd5 30. Bg5 Rg8 31. h4
e4 32. Kg3 c6 33. c4 Nb4 34. a3 Nc2 35. Rf6+ Kd7 36. Rf7+ Kd6 37. Rf6+ Kd7
38. c5 e3 39. Rf7+ Ke6 40. Re7+ Kd5 41. Bxe3 Nxe3 42. Rxe3 Kxd4 43. Re7 Rf8
44. h5 Rf1 45. Rxb7 Rg1+ 46. Kh4 Ke5 47. Kg5 a5 48. Re7+ Kd5 49. h6 a4 50.
h7 Rh1 51. Kg6 Rh4 52. g5 Rh2 53. Kg7 Rg2 54. h8=Q Rxg5+ 55. Kf8 Rg4 56.
Qh5+ Rg5 57. Qg4 Rxg4 58. Rd7+ Kxc5 59. Rd2 Re4 60. Rc2+ Rc4 61. Rd2 Re4 62.
Rc2+ Kb5 63. Rc3 c5 64. Kf7 c4 65. Rc2 Kc5 66. Kf6 Re3 67. Kf5 Kd4 68. Kf4
c3 69. Rxc3 Rxc3 70. bxc3+ Kxc3 71. Ke3 Kb3 72. Kd3 Kxa3 73. Kc3 Ka2 74. Kc2
Ka1 75. Kc1 a3 76. Kc2 Ka2 77. Kc1 Kb3 78. Kb1 a2+ 79. Ka1 Ka3
{White stalemated}
1/2-1/2

[Event "ICC tourney 3197 (30 10)"]
[Site "Internet Chess Club"]
[Date "2023.05.20"]
[Round "3"]
[White "Reyes, Héctor Juárez:Juarezhector"]
[Black "ZHANG, LOUIS:louis3400"]
[Result "1-0"]
[ICCResult "Black forfeits on time"]
[WhiteElo "1637"]
[BlackElo "1622"]
[Opening "Scotch game"]
[ECO "C45"]
[NIC "SO.04"]
[Time "16:00:22"]
[PlyCount "85"]
[TimeControl "1800+10"]

1. e4 e5 2. Nf3 Nc6 3. d4 exd4 4. Nxd4 Qf6 5. Nb5 Bc5 6. Qe2 Bb6 7. N1c3 a6
8. Nd5 Qd8 9. Nxb6 cxb6 10. Nd6+ Kf8 11. Qc4 Qf6 12. Nf5 d6 13. Ng3 Be6 14.
Qa4 Rc8 15. Bd3 b5 16. Qa3 b4 17. Qa4 Nge7 18. O-O d5 19. a3 bxa3 20. Qxa3
h5 21. exd5 Bxd5 22. h3 Ne5 23. Be4 Bxe4 24. Nxe4 Qc6 25. Nc3 Nc4 26. Qb4 a5
27. Qb3 h4 28. Ne2 Rh5 29. Nd4 Qd7 30. c3 Rd5 31. Be3 g5 32. Nf3 g4 33. Nxh4
gxh3 34. g3 Qc6 35. Kh2 Nxe3 36. fxe3 Rd2+ 37. Kxh3 Qd7+ 38. g4 Nc6 39. Rad1
Rxd1 40. Rxd1 Qe7 41. Nf5 Qc7 42. Qd5 Ne7 43. Qf3 {Black forfeits on time}
1-0

[Event "ICC tourney 3197 (30 10)"]
[Site "Internet Chess Club"]
[Date "2023.05.20"]
[Round "3"]
[White "SRIPADA, ANISHA:waterycargo"]
[Black "ZHANG, ARI:brass60Six"]
[Result "0-1"]
[ICCResult "White resigns"]
[WhiteElo "1406"]
[BlackElo "1299"]
[Opening "Queen's pawn, Mason variation"]
[ECO "D00"]
[NIC "QP.08"]
[Time "16:00:19"]
[PlyCount "170"]
[TimeControl "1800+10"]

1. d4 d5 2. Bf4 Nf6 3. e3 a6 4. Nf3 Bg4 5. Be2 e6 6. c4 dxc4 7. Bxc4 Bb4+ 8.
Nc3 Ne4 9. Qb3 Bxc3+ 10. bxc3 b5 11. Be2 O-O 12. O-O Nf6 13. h3 Bh5 14. Qc2
Bg6 15. Bd3 Bxd3 16. Qxd3 c5 17. Ne5 cxd4 18. exd4 Nd5 19. Bg3 Nd7 20. Rfe1
Rc8 21. Rac1 Qe7 22. Nxd7 Qxd7 23. Re4 Ne7 24. Re3 Nf5 25. Rf3 Nxg3 26. Rxg3
Qd5 27. Qd2 g6 28. Rg5 Qd7 29. Qf4 f6 30. Rg3 Rc7 31. h4 Qe7 32. Re3 Rfc8
33. Qf3 b4 34. Rc2 Rc4 35. Qe2 Rxc3 36. Rcxc3 bxc3 37. Qc2 Qd6 38. Rxc3 Rxc3
39. Qxc3 Kg7 40. Qb2 Qc7 41. g3 Kf7 42. Qd2 Kg7 43. d5 Qd6 44. Qd4 exd5 45.
Qa7+ Kh6 46. Qe3+ g5 47. hxg5+ fxg5 48. Qd4 Kg6 49. Qd3+ Kg7 50. Qd4+ Kf7
51. Qa7+ Kg6 52. Qd4 h6 53. Qd3+ Kf7 54. Qf3+ Ke7 55. Qe3+ Kd7 56. Qd4 Qe6
57. Qa7+ Ke8 58. Qb8+ Kf7 59. Qa7+ Kg6 60. Qd4 Qe1+ 61. Kh2 Qe6 62. Qd3+ Kg7
63. Qd4+ Kf7 64. Qa7+ Kg6 65. Qd4 Qf6 66. Qd3+ Kg7 67. Qc2 Qd6 68. Qc3+ d4
69. Qd3 Qf6 70. Qd2 h5 71. Kg1 h4 72. Kg2 hxg3 73. fxg3 g4 74. Kg1 Qe5 75.
Kg2 Qe4+ 76. Kh2 Qe5 77. Kg2 Qd5+ 78. Kh2 Qh5+ 79. Kg2 Qh3+ 80. Kf2 Qh2+ 81.
Ke1 Qxg3+ 82. Kd1 Qf3+ 83. Kc2 Qc3+ 84. Qxc3 dxc3 85. Kxc3 g3 {White
resigns} 0-1

[Event "ICC tourney 3197 (30 10)"]
[Site "Internet Chess Club"]
[Date "2023.05.20"]
[Round "4"]
[White "ZHANG, LOUIS:louis3400"]
[Black "SANGAL LOPEZ, DEV:devsl"]
[Result "0-1"]
[ICCResult "White checkmated"]
[WhiteElo "1622"]
[BlackElo "1146"]
[Opening "Giuoco Pianissimo"]
[ECO "C50"]
[NIC "IG.02"]
[Time "18:00:17"]
[PlyCount "90"]
[TimeControl "1800+10"]

1. e4 e5 2. Nf3 Nc6 3. Bc4 Bc5 4. d3 d6 5. h3 h6 6. Nc3 Nf6 7. O-O O-O 8.
Be3 Bb6 9. d4 exd4 10. Nxd4 Nxd4 11. Bxd4 Bxd4 12. Qxd4 Be6 13. Nd5 c6 14.
Nxf6+ Qxf6 15. Qxf6 gxf6 16. Bb3 f5 17. f3 a5 18. c3 a4 19. Bc2 fxe4 20.
fxe4 d5 21. Rf6 Kg7 22. Rf3 dxe4 23. Bxe4 f5 24. Bc2 b5 25. Raf1 Bxa2 26.
Bxf5 Bd5 27. Rg3+ Kf6 28. Be4+ Ke5 29. Bxd5 Rxf1+ 30. Kxf1 Kxd5 31. Rg6 a3
32. bxa3 Rxa3 33. Rxh6 Rxc3 34. g4 b4 35. Rh8 Rc5 36. g5 b3 37. g6 b2 38.
Rd8+ Ke6 39. Rd1 Rc1 40. g7 Rxd1+ 41. Kf2 Kf7 42. Ke2 b1=Q 43. Kf2 Qd3 44.
Kg2 Rd2+ 45. Kg1 Qb1# {White checkmated} 0-1

[Event "ICC tourney 3197 (30 10)"]
[Site "Internet Chess Club"]
[Date "2023.05.20"]
[Round "4"]
[White "Li, Marissa:meichen"]
[Black "Bolme, Thomas Bradley:ThomasBradley75"]
[Result "1-0"]
[ICCResult "Black checkmated"]
[WhiteElo "904"]
[BlackElo "567"]
[Opening "Caro-Kann: Tartakower (Nimzovich) variation"]
[ECO "B15"]
[NIC "CK.06"]
[Time "18:00:20"]
[PlyCount "59"]
[TimeControl "1800+10"]

1. e4 c6 2. d4 d5 3. Nc3 dxe4 4. Nxe4 Nf6 5. Nxf6+ exf6 6. Nf3 c5 7. Be3 Bg4
8. dxc5 Qxd1+ 9. Rxd1 Nc6 10. Be2 Rd8 11. O-O Be7 12. h3 Bxf3 13. Bxf3 Ne5
14. Bxb7 Rxd1 15. Rxd1 O-O 16. c6 Nc4 17. c7 Nxb2 18. Rb1 Bd6 19. c8=Q Rxc8
20. Bxc8 Nc4 21. Bxa7 g5 22. a4 Nd2 23. Rd1 Nc4 24. Ba6 Nb2 25. Rxd6 Nxa4
26. Rxf6 Kg7 27. Bd4 h5 28. Rc6+ Kh7 29. Bd3+ Kg8 30. Rc8# {Black
checkmated} 1-0

[Event "ICC tourney 3197 (30 10)"]
[Site "Internet Chess Club"]
[Date "2023.05.20"]
[Round "4"]
[White "Chiappetta, Graydon:loopy"]
[Black "KAYASTHA, AYAAN:sumitkayastha"]
[Result "0-1"]
[ICCResult "White checkmated"]
[WhiteElo "902"]
[BlackElo "1390"]
[Opening "Inverted Hungarian"]
[ECO "C44"]
[NIC "KP.10"]
[Time "18:00:20"]
[PlyCount "118"]
[TimeControl "1800+10"]

1. e4 e5 2. Nf3 Nc6 3. Be2 Nf6 4. Nc3 Bb4 5. d3 d6 6. O-O h6 7. Bd2 Bc5 8.
Qc1 Bg4 9. a3 O-O 10. b4 Bb6 11. Rb1 Nd4 12. Nxd4 exd4 13. Bxg4 dxc3 14.
Bxc3 Nxg4 15. Qf4 Nf6 16. Qg3 Kh8 17. e5 dxe5 18. Bxe5 Nh5 19. Qg4 Qg5 20.
Qe4 Rfe8 21. d4 f6 22. Qxb7 fxe5 23. Rbe1 Bxd4 24. Qd5 Rad8 25. Qc6 Nf4 26.
Qf3 e4 27. Qg3 Qxg3 28. hxg3 Nh5 29. g4 Ng3 30. Kh2 Nxf1+ 31. Rxf1 Be5+ 32.
g3 e3 33. fxe3 Rd2+ 34. Kh3 Bf6 35. c4 Rxe3 36. Rf5 Ree2 37. g5 h5 38. g4
hxg4+ 39. Kxg4 Rd4+ 40. Rf4 Rg2+ 41. Kf3 Rxf4+ 42. Kxg2 Bxg5 43. c5 Rd4 44.
b5 Bc1 45. b6 axb6 46. cxb6 cxb6 47. a4 Rxa4 48. Kf3 b5 49. Ke2 b4 50. Kd1
g5 51. Kc2 g4 52. Kb1 g3 53. Kc2 g2 54. Kb3 g1=Q 55. Kc2 Ra2+ 56. Kb3 Qe3+
57. Kxa2 b3+ 58. Kb1 Ba3 59. Ka1 Qe1# {White checkmated} 0-1

[Event "ICC tourney 3197 (30 10)"]
[Site "Internet Chess Club"]
[Date "2023.05.20"]
[Round "4"]
[White "MA, YUNHUI:niuniuma"]
[Black "SRIPADA, ANISHA:waterycargo"]
[Result "1/2-1/2"]
[ICCResult "Game drawn because neither player has mating material"]
[WhiteElo "1243"]
[BlackElo "1406"]
[Opening "French: advance, Euwe variation"]
[ECO "C02"]
[NIC "FR.03"]
[Time "18:00:16"]
[PlyCount "149"]
[TimeControl "1800+10"]

1. e4 e6 2. d4 d5 3. e5 c5 4. c3 Nc6 5. Nf3 Bd7 6. a3 Nge7 7. b4 cxd4 8.
cxd4 Nf5 9. Nc3 Be7 10. Be3 a6 11. Bd3 Nxe3 12. fxe3 O-O 13. O-O Rc8 14. Qb1
h6 15. Qe1 b5 16. Qg3 Nxd4 17. exd4 Rxc3 18. Ne1 Qc7 19. Rf3 Rc6 20. Rf4 Bg5
21. Rg4 Rc1 22. Rxc1 Qxc1 23. h4 Qe3+ 24. Kh1 Qxg3 25. Rxg3 Bc1 26. Bc2 Bb2
27. Rd3 Rc8 28. Bd1 Rc3 29. Rxc3 Bxc3 30. Nc2 Be8 31. Kg1 f6 32. exf6 gxf6
33. Kf2 e5 34. dxe5 fxe5 35. Ke3 Kg7 36. Kd3 Bb2 37. Bg4 Bg6+ 38. Kd2 Bxc2
39. Kxc2 Bxa3 40. Kb3 Bc1 41. h5 e4 42. Kc3 Be3 43. Bc8 d4+ 44. Kc2 d3+ 45.
Kd1 Bf4 46. Bxa6 Bd6 47. Bxb5 Bxb4 48. Bc6 e3 49. Bf3 Kf6 50. Bg4 Kg5 51.
Bf3 e2+ 52. Bxe2 dxe2+ 53. Kxe2 Kxh5 54. Kf3 Kg5 55. Kg3 h5 56. Kh3 Bc5 57.
g3 Bd4 58. Kg2 Kg4 59. Kh2 Be5 60. Kg2 Bxg3 61. Kh1 h4 62. Kg2 h3+ 63. Kh1
Kf3 64. Kg1 Bf4 65. Kh1 Kg4 66. Kg1 Be3+ 67. Kh1 Bd4 68. Kh2 Kh4 69. Kh1 Be5
70. Kg1 Kg4 71. Kh1 Kf3 72. Kg1 Ke2 73. Kh1 h2 74. Kg2 h1=Q+ 75. Kxh1
{Game drawn because neither player has mating material}
1/2-1/2

[Event "ICC tourney 3197 (30 10)"]
[Site "Internet Chess Club"]
[Date "2023.05.20"]
[Round "4"]
[White "YU, VINCENT ZHIWEN:vincentyu"]
[Black "WU, DARREN:chessboy111"]
[Result "1-0"]
[ICCResult "Black resigns"]
[WhiteElo "1570"]
[BlackElo "1380"]
[Opening "Caro-Kann: Steinitz variation"]
[ECO "B17"]
[NIC "CK.05"]
[Time "18:00:36"]
[PlyCount "141"]
[TimeControl "1800+10"]

1. e4 c6 2. d4 d5 3. Nc3 dxe4 4. Nxe4 Nd7 5. Ng5 Ngf6 6. Bd3 e6 7. N1f3 Bd6
8. Qe2 Nb6 9. O-O O-O 10. c3 h6 11. Ne4 Nbd5 12. Nxf6+ Nxf6 13. Re1 Qc7 14.
Ne5 c5 15. dxc5 Qxc5 16. Bf4 b6 17. Bg3 Bb7 18. Ba6 Bxa6 19. Qxa6 Bxe5 20.
Bxe5 Qe7 21. h3 Rfd8 22. Rad1 Nd5 23. Qe2 Rac8 24. Rd2 Rd7 25. Red1 Rcd8 26.
Qb5 Qc5 27. Qxc5 bxc5 28. c4 Nf6 29. Rxd7 Rxd7 30. Rxd7 Nxd7 31. Bd6 f6 32.
Kf1 Kf7 33. Ke2 e5 34. Bc7 Ke6 35. Ke3 f5 36. Bd8 g5 37. g3 Nb6 38. b3 f4+
39. gxf4 gxf4+ 40. Ke4 h5 41. h4 Nc8 42. Bc7 Nd6+ 43. Bxd6 Kxd6 44. Kf5 a5
45. Kg5 Ke6 46. a4 Ke7 47. Kf5 Kd6 48. f3 Kd7 49. Kxe5 Ke7 50. Kxf4 Kf6 51.
Ke4 Ke6 52. f4 Kf6 53. f5 Kf7 54. Kd5 Kf6 55. Kxc5 Kxf5 56. Kb6 Kg4 57. c5
Kxh4 58. c6 Kg3 59. c7 h4 60. c8=Q h3 61. Qg8+ Kh2 62. Qh7 Kg2 63. Qxh3+
Kxh3 64. Kxa5 Kg3 65. b4 Kf4 66. b5 Ke5 67. Ka6 Kd4 68. b6 Kc4 69. b7 Kb4
70. b8=Q+ Kxa4 71. Qb5+ {Black resigns} 1-0

[Event "ICC tourney 3197 (30 10)"]
[Site "Internet Chess Club"]
[Date "2023.05.20"]
[Round "4"]
[White "Whiteside, Oren:NotOwen"]
[Black "Dong, Albert:Tanvibrantmonk"]
[Result "0-1"]
[ICCResult "White forfeits on time"]
[WhiteElo "1313"]
[BlackElo "1503"]
[Opening "Sicilian defense"]
[ECO "B20"]
[NIC "SI.48"]
[Time "18:00:23"]
[PlyCount "80"]
[TimeControl "1800+10"]

1. e4 c5 2. c4 Nc6 3. Nf3 e5 4. Nc3 g6 5. d3 Bg7 6. Be2 Nge7 7. O-O O-O 8.
Bg5 d6 9. Qd2 a6 10. Nd5 f6 11. Bh6 Nxd5 12. cxd5 Ne7 13. Bxg7 Kxg7 14. b4
cxb4 15. Qxb4 b5 16. Rac1 Qb6 17. d4 Bg4 18. dxe5 fxe5 19. Rc2 Rac8 20. Rfc1
Rxc2 21. Rxc2 Rf4 22. Rd2 Bf5 23. Bd3 a5 24. Qb1 Bg4 25. Be2 b4 26. h3 Bd7
27. Rb2 g5 28. a3 h5 29. Bd1 g4 30. hxg4 hxg4 31. Ng5 g3 32. Bf3 gxf2+ 33.
Rxf2 Qc5 34. axb4 axb4 35. Qb2 Kf6 36. Nh3 Bxh3 37. gxh3 Ng6 38. Kg2 Nh4+
39. Kg3 Nxf3 40. Rxf3 Qg1+ {White forfeits on time} 0-1

[Event "ICC tourney 3197 (30 10)"]
[Site "Internet Chess Club"]
[Date "2023.05.20"]
[Round "4"]
[White "GOODMAN, CONNOR ALAN:ConnorGo"]
[Black "Hamlett, James Morrison:Hamlett144"]
[Result "0-1"]
[ICCResult "White resigns"]
[WhiteElo "1320"]
[BlackElo "1414"]
[Opening "Owen defense"]
[ECO "B00"]
[NIC "VO.01"]
[Time "18:00:26"]
[PlyCount "122"]
[TimeControl "1800+10"]

1. e4 b6 2. Nc3 Bb7 3. f4 e6 4. Nf3 Bb4 5. Bd3 Nf6 6. Qe2 O-O 7. O-O Bc5+ 8.
Kh1 d5 9. e5 Ng4 10. h3 Nh6 11. a3 d4 12. Ne4 Nf5 13. Qe1 Be7 14. Neg5 Nh6
15. Bxh7+ Kh8 16. Be4 c6 17. Nh7 Rg8 18. d3 g6 19. Nhg5 Nd7 20. Qh4 Kg7 21.
Qf2 Nf8 22. Nxd4 Rc8 23. b4 Rh8 24. Bf3 a6 25. Be3 b5 26. Rad1 Bxg5 27. fxg5
Ng8 28. Bg4 Rc7 29. c4 c5 30. bxc5 bxc4 31. dxc4 Qa8 32. c6 Bxc6 33. Nxc6
Qxc6 34. c5 Qa4 35. Rd4 Qxa3 36. Rf4 f5 37. gxf6+ Kf7 38. Bf3 Nd7 39. Bd4
Nh6 40. Rh4 g5 41. Bh5+ Kf8 42. Re4 Nf5 43. Qf3 Qxf3 44. Bxf3 Ng3+ 45. Kg1
Nxe4 46. Bxe4 Rh4 47. Re1 Nxc5 48. Bxc5+ Rxc5 49. Bg6 Rh6 50. Be4 Rxe5 51.
f7 Rf6 52. g4 Rxf7 53. Ra1 Rxe4 54. Rxa6 Kg7 55. Ra5 e5 56. Kg2 Re2+ 57. Kg3
Kg6 58. Ra6+ Rf6 59. Rxf6+ Kxf6 60. Kf3 Ra2 61. Ke4 Ra3 {White resigns} 0-1

[Event "ICC tourney 3197 (30 10)"]
[Site "Internet Chess Club"]
[Date "2023.05.20"]
[Round "4"]
[White "HELMSEN, GAVIN:ghelmsen"]
[Black "Reyes, Héctor Juárez:Juarezhector"]
[Result "1-0"]
[ICCResult "Black forfeits on time"]
[WhiteElo "1618"]
[BlackElo "1637"]
[Opening "Center game: Berger variation"]
[ECO "C22"]
[NIC "KP.04"]
[Time "18:01:05"]
[PlyCount "111"]
[TimeControl "1800+10"]

1. e4 e5 2. d4 exd4 3. Qxd4 Nc6 4. Qe3 Nf6 5. Bd2 Be7 6. Nc3 O-O 7. O-O-O d6
8. f4 Bg4 9. Be2 Re8 10. h3 Bxe2 11. Ngxe2 Bf8 12. Be1 Qe7 13. Ng3 g6 14. f5
Ne5 15. fxg6 fxg6 16. Rf1 Nfd7 17. Nd5 Qd8 18. Qb3 Kh8 19. Qxb7 Qg5+ 20. Kb1
Reb8 21. Qxc7 Rc8 22. Qa5 Rcb8 23. Qa6 Nc5 24. Rxf8+ Rxf8 25. Qxd6 Ncd7 26.
Nc7 Rab8 27. Ne6 Qf6 28. Nxf8 Rxb2+ 29. Ka1 Qxd6 30. Rxd6 Nxf8 31. Bc3 Rb5
32. Ra6 Kg8 33. Rxa7 Nfd7 34. a4 Rc5 35. Ne2 Rc4 36. Bxe5 Nxe5 37. Ra8+ Kf7
38. a5 Rxc2 39. Nd4 Rxg2 40. a6 Rg1+ 41. Kb2 Nc4+ 42. Kc3 Rc1+ 43. Kb4 Nb6
44. Rb8 Nc8 45. a7 Nxa7 46. Rb7+ Kf6 47. Rxa7 Ke5 48. Ne2 Rb1+ 49. Kc4 Rb2
50. Nc3 h5 51. Ra5+ Ke6 52. Rg5 Kf6 53. Rg3 g5 54. Nd5+ Kg6 55. Nf4+ Kh6 56.
Ne6 {Black forfeits on time} 1-0

[Event "ICC tourney 3197 (30 10)"]
[Site "Internet Chess Club"]
[Date "2023.05.20"]
[Round "5"]
[White "Bolme, Thomas Bradley:ThomasBradley75"]
[Black "ZHANG, LOUIS:louis3400"]
[Result "0-1"]
[ICCResult "White resigns"]
[WhiteElo "567"]
[BlackElo "1622"]
[Opening "Queen's pawn, Mason variation"]
[ECO "D00"]
[NIC "QP.08"]
[Time "20:00:06"]
[PlyCount "64"]
[TimeControl "1800+10"]

1. d4 d5 2. Bf4 Nf6 3. e3 e6 4. Nf3 Nbd7 5. Nbd2 b6 6. c3 Bb7 7. Bd3 c5 8.
O-O Be7 9. a4 O-O 10. Be5 Re8 11. b3 cxd4 12. cxd4 Nxe5 13. dxe5 Nd7 14. Bb1
Bb4 15. Qc2 g6 16. Nh4 Qxh4 17. g3 Qd8 18. f4 Rc8 19. Qd3 Nc5 20. Qe2 Ba6
21. Qg4 Bxd2 22. Bxg6 hxg6 23. f5 exf5 24. Rxf5 Bxe3+ 25. Kg2 Kg7 26. Raf1
Bxf1+ 27. Rxf1 d4 28. h4 Qd5+ 29. Kh3 Qe6 30. Rf6 Qxg4+ 31. Kxg4 Rxe5 32.
Rxg6+ fxg6 {White resigns} 0-1

[Event "ICC tourney 3197 (30 10)"]
[Site "Internet Chess Club"]
[Date "2023.05.20"]
[Round "5"]
[White "KAYASTHA, AYAAN:sumitkayastha"]
[Black "GOODMAN, CONNOR ALAN:ConnorGo"]
[Result "0-1"]
[ICCResult "White resigns"]
[WhiteElo "1390"]
[BlackElo "1320"]
[Opening "Caro-Kann: exchange variation"]
[ECO "B13"]
[NIC "CK.02"]
[Time "20:00:06"]
[PlyCount "58"]
[TimeControl "1800+10"]

1. e4 c6 2. d4 d5 3. exd5 cxd5 4. Bd3 Nc6 5. c3 Nf6 6. Nf3 Bg4 7. h3 Bh5 8.
Nbd2 e5 9. dxe5 Nxe5 10. Qe2 Bd6 11. g4 O-O 12. gxh5 Re8 13. Kd1 Nxd3 14.
Qxd3 Qb6 15. Nf1 Qxf2 16. Be3 Qxf3+ 17. Kc2 Qxh1 18. h6 Qg2+ 19. Nd2 g6 20.
Rf1 Re6 21. Bd4 Ne4 22. Rf2 Nxf2 23. Bxf2 Qxf2 24. Qxd5 Qf5+ 25. Qxf5 gxf5
26. Nf3 Rxh6 27. Nd4 Rxh3 28. Nxf5 Rh2+ 29. Kb3 Bf8 {White resigns} 0-1

[Event "ICC tourney 3197 (30 10)"]
[Site "Internet Chess Club"]
[Date "2023.05.20"]
[Round "5"]
[White "Morgan, Lakshmi M:luckylol3"]
[Black "HELMSEN, GAVIN:ghelmsen"]
[Result "0-1"]
[ICCResult "White resigns"]
[WhiteElo "1677"]
[BlackElo "1618"]
[Opening "French: exchange variation"]
[ECO "C01"]
[NIC "FR.01"]
[Time "20:00:03"]
[PlyCount "42"]
[TimeControl "1800+10"]

1. e4 e6 2. d4 d5 3. exd5 exd5 4. c4 Nf6 5. Nc3 Bb4 6. Nf3 O-O 7. Be2 dxc4
8. Bxc4 Re8+ 9. Be2 Qe7 10. Bg5 Bg4 11. Bxf6 Qxf6 12. O-O Bd6 13. Nb5 Bf4
14. g3 a6 15. Nc3 Bd6 16. Nh4 Bh3 17. Re1 Nc6 18. d5 Nd4 19. Qd2 g5 20. Ng2
Rxe2 21. Nxe2 Nf3+ {White resigns} 0-1

[Event "ICC tourney 3197 (30 10)"]
[Site "Internet Chess Club"]
[Date "2023.05.20"]
[Round "5"]
[White "MA, YUNHUI:niuniuma"]
[Black "Whiteside, Oren:NotOwen"]
[Result "0-1"]
[ICCResult "White checkmated"]
[WhiteElo "1243"]
[BlackElo "1313"]
[Opening "Scandinavian defense"]
[ECO "B01"]
[NIC "SD.01"]
[Time "20:00:02"]
[PlyCount "114"]
[TimeControl "1800+10"]

1. e4 d5 2. exd5 Qxd5 3. Nc3 Qa5 4. d4 Nf6 5. Nf3 Bf5 6. Bf4 Nc6 7. Bb5 Qb6
8. d5 O-O-O 9. Qe2 Nxd5 10. Na4 Qa5+ 11. Bd2 Ndb4 12. O-O Bxc2 13. a3 Bxa4
14. axb4 Qxb5 15. Qe1 e6 16. Qb1 Bxb4 17. b3 Bxd2 18. Nxd2 Rxd2 19. Rxa4
Rhd8 20. Qa1 Qxb3 21. Ra3 Qb2 22. Qxb2 Rxb2 23. Rh3 h6 24. Rg3 g6 25. Rf3 f5
26. Rh3 h5 27. Rg3 Rg8 28. Re1 e5 29. Rd3 e4 30. Rd5 Rd8 31. Rxd8+ Kxd8 32.
Rd1+ Nd4 33. Rxd4+ Ke7 34. Rd1 c5 35. Kf1 c4 36. Rc1 b5 37. Ra1 c3 38. Rxa7+
Kf6 39. Rc7 c2 40. Ke1 b4 41. Kd2 c1=Q+ 42. Kxc1 Rxf2 43. Rb7 Rxg2 44. Rxb4
Rxh2 45. Rb3 f4 46. Kd1 e3 47. Ke1 Kf5 48. Rb5+ Kg4 49. Rb3 g5 50. Kf1 h4
51. Kg1 Ra2 52. Rb1 Kg3 53. Kh1 Rh2+ 54. Kg1 Rd2 55. Rf1 e2 56. Ra1 Rd1+ 57.
Rxd1 exd1=Q# {White checkmated} 0-1

[Event "ICC tourney 3197 (30 10)"]
[Site "Internet Chess Club"]
[Date "2023.05.20"]
[Round "5"]
[White "SANGAL LOPEZ, DEV:devsl"]
[Black "SRIPADA, ANISHA:waterycargo"]
[Result "1/2-1/2"]
[ICCResult "Black stalemated"]
[WhiteElo "1146"]
[BlackElo "1406"]
[Opening "French: exchange variation"]
[ECO "C01"]
[NIC "FR.01"]
[Time "20:00:29"]
[PlyCount "147"]
[TimeControl "1800+10"]

1. e4 e6 2. d4 d5 3. exd5 exd5 4. c4 c6 5. cxd5 cxd5 6. Nc3 Nf6 7. Nf3 Be7
8. Be2 O-O 9. O-O Nc6 10. Bf4 Bf5 11. Ne5 Rc8 12. Rc1 Qb6 13. Nxc6 bxc6 14.
Qd2 Ne4 15. Nxe4 Bxe4 16. f3 Bf5 17. a3 Bf6 18. Rfd1 Rfe8 19. g4 Bg6 20. Kf2
h6 21. Qb4 Qxb4 22. axb4 Bg5 23. Bxg5 hxg5 24. b5 Re6 25. Rc3 Rce8 26. Bf1
cxb5 27. Bxb5 Rb8 28. Bc6 Rxb2+ 29. Kg3 Ree2 30. Rg1 Rbd2 31. Bxd5 Rxd4 32.
Bb3 Rdd2 33. Rc5 Rxh2 34. Rxg5 Bc2 35. Bxc2 Rxc2 36. Ra5 Ra2 37. Rxa7 Rxa7
38. Kxh2 Ra3 39. Kg3 g5 40. Rb1 Kg7 41. Rb5 Kg6 42. Rb6+ f6 43. Rb2 Ra6 44.
Rb3 Ra5 45. Kf2 Re5 46. Re3 Rd5 47. Rc3 Rd6 48. Ke3 Re6+ 49. Kd4 f5 50. Kd5
Rf6 51. Rc6 Rxc6 52. Kxc6 fxg4 53. fxg4 Kf7 54. Kd5 Kg7 55. Ke5 Kg6 56. Ke6
Kh6 57. Kf6 Kh7 58. Kxg5 Kg7 59. Kf5 Kf7 60. g5 Kg7 61. g6 Kg8 62. Kf6 Kf8
63. Kg5 Kg7 64. Kh5 Kg8 65. Kh6 Kh8 66. Kg5 Kg7 67. Kf5 Kg8 68. Kg4 Kf8 69.
Kf4 Kg8 70. Ke5 Kg7 71. Kf5 Kg8 72. Kf6 Kf8 73. g7+ Kg8 74. Kg6
{Black stalemated}
1/2-1/2

[Event "ICC tourney 3197 (30 10)"]
[Site "Internet Chess Club"]
[Date "2023.05.20"]
[Round "5"]
[White "Reyes, Héctor Juárez:Juarezhector"]
[Black "Hamlett, James Morrison:Hamlett144"]
[Result "1-0"]
[ICCResult "Black resigns"]
[WhiteElo "1637"]
[BlackElo "1414"]
[Opening "French: advance, Paulsen attack"]
[ECO "C02"]
[NIC "FR.03"]
[Time "20:01:17"]
[PlyCount "87"]
[TimeControl "1800+10"]

1. e4 e6 2. d4 d5 3. e5 c5 4. c3 Nc6 5. Nf3 b6 6. Be2 Nge7 7. Na3 a6 8. O-O
Ng6 9. Nc2 Bb7 10. Bg5 f6 11. exf6 gxf6 12. Bh4 Rg8 13. Re1 Nxh4 14. Nxh4
Qd7 15. Bh5+ Kd8 16. Qe2 e5 17. dxe5 Nxe5 18. Nf3 Qh3 19. g3 Qxh5 20. Nxe5
Qxe2 21. Rxe2 fxe5 22. Rxe5 Bd6 23. Re6 Kd7 24. Rh6 Rg7 25. Re1 Bf8 26. Rxb6
Bc6 27. b4 Kc7 28. bxc5 Bxc5 29. Rbb1 Rf8 30. Nd4 Bd7 31. Re5 Bxd4 32. cxd4
Rf5 33. Re2 Bb5 34. Rc2+ Kd6 35. Rcb2 Rgf7 36. f4 Rg7 37. a4 Bc6 38. Kf2 a5
39. Rb6 Kc7 40. Ra6 Bxa4 41. Ra7+ Kd6 42. Rxg7 h5 43. Rb6+ Bc6 44. Rg6+
{Black resigns}
1-0